 Dungeon Crawl Stone Soup version 0.31.0-32-g396128a36d (webtiles) character file.

Game seed: 10836290930066754946

112226 booth the Severer (level 16, -4/152 HPs)
             Began as a Hill Orc Monk on Mar 24, 2024.
             Was the Champion of Beogh.
             Slain by a nagaraja
             ... wielding a +0 club
              (16 damage)
             ... on level 4 of the Snake Pit on Mar 25, 2024.
             The game lasted 02:44:19 (28213 turns).

booth the Severer (Hill Orc Monk)                  Turns: 28213, Time: 02:44:20

Health: -4/152     AC: 26    Str: 22    XL:     16   Next: 59%
Magic:  28/28      EV:  8    Int: 10    God:    Beogh [******]
Gold:   2267       SH:  5    Dex: 13    Spells: 15/15 levels left

rFire   + . .        F - +10 hand axe of the Big Bang {venom, *Rage rPois rC+ rN++}
rCold   + + +        (no shield)
rNeg    + + .        R - +2 chain mail {rPois}
rPois   .            j - +2 helmet
rElec   +            M - +2 cloak
rCorr   +            a - +2 pair of gloves
SInv    .            D - +2 pair of boots
Will    +....        o - amulet of reflection
Stlth   ++           Z - ring of protection from cold
HPRegen 0.45/turn    V - ring of resist corrosion
MPRegen 0.21/turn

%: random rage (20%), reflection
@: lethally poisoned (-4 -> -70), resistant, untranslocatable, poison
vulnerable, on berserk cooldown, slowed, constricted, very slow
A: walk on water
a: Renounce Religion, Smiting, Recall Orcish Followers, Give Item to Named
Follower, Resurrection


You were on level 4 of the Snake Pit.
You worshipped Beogh.
Beogh was exalted by your worship.
You visited 5 branches of the dungeon, and saw 27 of its levels.

You collected 3356 gold pieces.
You spent 1089 gold pieces at shops.

Inventory:

Hand Weapons
 d - a +2 heavy executioner's axe
 f - the +5 morningstar of Bodily Humours {flame, Will+}
   (You bought it in a shop on level 2 of the Orcish Mines)

   Will+:     It increases your willpower.
 i - a +3 heavy great mace
 F - the +10 hand axe of the Big Bang (weapon) {venom, *Rage rPois rC+ rN++}
   (You found it on level 4 of the Dungeon)

   rC+:       It protects you from cold.
   rPois:     It protects you from poison rN++: It greatly protects you from
   negative energy.
   *Rage:     It berserks you when you make melee attacks (+20% chance).
Missiles
 s - 12 atropa-tipped darts
 y - 23 boomerangs (quivered)
 E - 55 poisoned darts
 I - 4 javelins
 Q - a curare-tipped dart
Armour
 a - a +2 pair of gloves (worn)
 j - a +2 helmet (worn)
 D - a +2 pair of boots (worn)
 M - a +2 cloak (worn)
 R - a +2 chain mail of poison resistance (worn)
Jewellery
 o - an amulet of reflection (around neck)
 p - a ring of see invisible
 q - an amulet of regeneration
 S - a ring of flight
 V - a ring of resist corrosion (right hand)
 Z - a ring of protection from cold (left hand)
Wands
 m - a wand of mindburst (16)
 z - a wand of digging (2)
 J - a wand of iceblast (11)
 N - a wand of paralysis (20)
 P - a wand of flame (29)
 X - a wand of polymorph (16)
Scrolls
 e - 6 scrolls of vulnerability
 l - 11 scrolls of teleportation
 n - 4 scrolls of fear
 v - 2 scrolls of torment
 A - 6 scrolls of fog
 G - 4 scrolls of poison
 H - 4 scrolls of immolation
 K - 3 scrolls of blinking
 O - a scroll of silence
 W - a scroll of revelation
Potions
 b - 6 potions of berserk rage
 c - 4 potions of ambrosia
 g - 14 potions of curing
 h - a potion of magic
 k - 3 potions of brilliance
 r - 4 potions of enlightenment
 t - 4 potions of attraction
 u - 3 potions of lignification
 w - 4 potions of might
 T - a potion of haste
 U - a potion of cancellation
Miscellaneous
 x - a phial of floods
 L - a sack of spiders


   Skills:
 + Level 16.6 Fighting
 + Level 20.2 Axes
 + Level 8.2 Armour
 - Level 7.9 Dodging
 - Level 10.0 Stealth
 + Level 17.4 Invocations
 + Level 3.4 Evocations


You had 15 spell levels left.
You didn't know any spells.
Your spell library contained the following spells:

 Spells                   Type           Power      Damage    Failure   Level
 Magic Dart               Conj           0%         1d3       89%         1
 Blink                    Tloc           0%         N/A       96%         2
 Call Imp                 Summ           0%         N/A       96%         2
 Lesser Beckoning         Tloc           0%         N/A       96%         2
 Momentum Strike          Conj/Tloc      0%         3d8       96%         2
 Dazzling Flash           Conj/Hex       0%         N/A       99%         3
 Frozen Ramparts          Ice            0%         1d1       99%         3
 Fugue of the Fallen      Necr           0%         N/A       99%         3
 Gell's Gravitas          Tloc           0%         N/A       99%         3
 Hailstorm                Conj/Ice       0%         3d5       99%         3
 Summon Ice Beast         Ice/Summ       0%         N/A       99%         3
 Teleport Other           Tloc           0%         N/A       99%         3
 Volatile Blastmotes      Fire/Tloc      0%         2d10      99%         3
 Dimensional Bullseye     Hex/Tloc       0%         N/A       100%        4
 Leda's Liquefaction      Alch/Erth      0%         N/A       100%        4
 Petrify                  Alch/Erth      0%         N/A       100%        4
 Metabolic Englaciation   Hex/Ice        0%         N/A       100%        5
 Conjure Ball Lightning   Conj/Air       0%         3x3d6     100%        6
 Sculpt Simulacrum        Ice/Alch       0%         N/A       100%        6
 Starburst                Conj/Fire      0%         6d3       100%        6
 Discord                  Hex            0%         N/A       100%        8
 Disjunction              Tloc           0%         N/A       100%        8
 Infestation              Necr           0%         N/A       100%        8
 Maxwell's Capacitive Co  Air            0%         ∞         100%        8


Dungeon Overview and Level Annotations

Branches:
Dungeon (15/15)            Temple (1/1) D:6            Lair (5/5) D:9
  Swamp (0/4) Lair:2        Snake (4/4) Lair:2        Slime (0/5) Lair:4
    Orc (2/2) D:12            Elf (0/3) Orc:2        Vaults (0/5) D:14
 Depths (0/4) D:15

Altars:
Ashenzari
Cheibriados
Dithmenos
Elyvilon
Fedhas
Gozag
Hepliaklqana
Kikubaaqudgha
Makhleb
Nemelex Xobeh
Okawaru
Qazlal
Ru
Sif Muna
Trog
Uskayaw
Vehumet
Wu Jian
Xom
Yredelemnul
Zin
The Shining One
Jiyva

Shops:
D:1 *   D:2 [   D:6 (   D:8 *   D:13 :   D:15 :   Orc:2 (!!(

Annotations:
D:4 1 runed translucent door, seawaffle's ghost, weakling MiBe
D:12 1 runed translucent door, spaghetti's ghost, journeyman NaBe


Message History

The nagaraja points at you and mumbles some strange words.
The bolt of poison hits you!!
You are more poisoned.
The bolt of poison hits the naga ritualist!
You hit the nagaraja.
The nagaraja is poisoned.
The nagaraja is moderately wounded.
You hit the nagaraja.
You strike the helpless naga ritualist from behind!
You slash the naga ritualist!
The naga ritualist is poisoned.
You slash the guardian serpent!
You kill the guardian serpent!
Beogh accepts your kill.
You barely miss the anaconda.
* * * LOW HITPOINT WARNING * * *
You feel extremely sick. The naga ritualist barely misses you.
The anaconda closely misses you.
The nagaraja points at you and mumbles some strange words.
You feel more firmly anchored in space. The nagaraja constricts you.
* * * LOW HITPOINT WARNING * * *
Agrik shoots an arrow.
The arrow barely misses the nagaraja.
The arrow hits you but does no damage.
You feel protected.
* * * LOW HITPOINT WARNING * * *
You feel extremely sick.
You kill the naga ritualist!
Beogh accepts your kill.
Beogh appreciates your killing of a heretic priest.
The anaconda bites you but does no damage.
The nagaraja gestures at you while chanting.
The bolt of poison hits you.
You are more poisoned.
* * * LOW HITPOINT WARNING * * *
The anaconda bites you but does no damage.
Your orc knight hits the nagaraja with a +0 war axe!!
The nagaraja closely misses you. The nagaraja constricts you.
* * * LOW HITPOINT WARNING * * *
Agrik shoots an arrow.
The arrow closely misses the nagaraja.
You block the arrow with an invisible shield... and reflect it back!
The arrow hits the nagaraja!!
The nagaraja hits you with a +0 club!
You die...

,,,,,,,,...#######).#...# ****
,8,8,8,8....#.####[[#..## *,,,
,,,,,,,,.......###[[#..## **,**
,,,,,,,,,⌠.....###.[#...# **,,**
,,,,,,,,,,,..).###..#,..#***,,***
,8,8,8,8,,,,#...##..#,,..,,,,** *
,,,,,,,,,,,*#)o)#...#,,,******
,,⌠,,,,,,,,*#.oNS...#*,,*
,,,,,,⌠,,,**##.)@N.##****
,,,,,,,,***,,##†...# ,,,,,,***
**,,##..## ******** ***,,*####
*,,,,,,***,,,,* *,,,,,,,,,,**,*
,,**,,,******,** *** ,****,,*
*,,* *,** ** **,* **,* ****,*


You could see 2 nagarajas, an anaconda (very poisoned), the friendly Agrik the
orc warlord (strong) and a friendly orc knight (strong).

Vanquished Creatures
  Saint Roka (Snake:2)
  Rupert (Lair:4)
  Gastronok (Lair:1)
  A nagaraja (Snake:4)
  8 slime creatures
  Josephine (Lair:4)
  2 anacondas
  2 hydras
  3 boulder beetles
  5 death yaks
  A centaur warrior (D:15)
  2 ogre magi (Orc:2)
  6 two-headed ogres
  4 tengu warriors
  3 naga warriors
  An orc high priest (Orc:1)
  3 naga sharpshooters
  4 shock serpents (Snake:3)
  A skyshark (Lair:5)
  2 salamander mystics
  Lodul (D:10)
  3 skeletal warriors
  2 mana vipers
  A naga ritualist (Snake:4)
  A deep elf pyromancer (D:12)
  2 ugly things
  2 cyclopes
  3 elephants (Lair:3)
  2 salamanders
  4 guardian serpents
  2 meliai (D:14)
  12 black mambas
  3 naga magi
  6 cane toads
  A gargoyle (D:12)
  3 unseen horrors
  A rime drake (Lair:4)
  An efreet (D:15)
  5 komodo dragons
  6 tengu conjurers
  A troll (shapeshifter) (D:15)
  7 polar bears
  A dream sheep (Lair:4)
  11 blink frogs
  A wyvern (Lair:3)
  5 wraiths
  2 hogs (Lair:4)
  Eustachio (D:6)
  47 yaks
  Grum (D:10)
  5 basilisks
  2 steam dragons
  5 wargs
  9 vampire mosquitoes
  12 nagas
  An acid dragon (D:12)
  6 hell hounds (Lair:5)
  6 water moccasins
  4 ice beasts
  4 orc warriors
  9 black bears
  3 sky beasts
  7 centaurs
  22 wolves
  15 ogres
  A phantom (D:7)
  5 kobold brigands
  Blork the orc (D:5)
  5 bullfrogs
  2 scorpions
  9 wights (D:8)
  20 killer bees
  2 electric eels (Snake:1)
  3 orc priests
  A bombardier beetle (D:4)
  2 hounds (D:5)
  Crazy Yiuf (D:5)
  A sleepcap (D:7)
  A gnoll bouda (D:7)
  A jelly (D:6)
  2 iguanas (D:6)
  8 orc wizards
  9 hell rats (Lair:4)
  8 gnolls
  6 adders
  2 white imps
  2 ufetubi (D:6)
  5 dart slugs
  2 ribbon worms (D:2)
  18 orcs
  10 ball pythons
  8 endoplasms
  6 goblins
  7 hobgoblins
  3 jackals
  A quokka (D:2)
  3 bats
  4 frilled lizards
  24 kobolds
  6 rats
489 creatures vanquished.

Vanquished Creatures (collateral kills)
  Kirke (Lair:4)
  4 nagarajas
  Nessos (Lair:4)
  An ettin (D:15)
  3 hydras
  A salamander tyrant (Snake:3)
  3 anacondas
  2 ogre magi (Orc:2)
  2 tengu warriors (D:15)
  A death knight (D:13)
  2 centaur warriors (D:15)
  Erica (Lair:1)
  2 dancing weapons (D:14)
  10 two-headed ogres (Orc:2)
  9 naga warriors
  2 death yaks
  A hell hog (Lair:5)
  3 shock serpents
  7 naga sharpshooters
  2 skeletal warriors (D:11)
  3 naga ritualists (Snake:4)
  A sea snake (Snake:1)
  A mana viper (Snake:1)
  A deep troll (D:15)
  2 orc knights
  An orc sorcerer (Snake:2)
  A deep elf zephyrmancer (D:15)
  3 ugly things (D:15)
  5 salamanders
  3 cyclopes
  3 manticores
  2 elephants (Lair:3)
  A meliai (D:14)
  A torpor snail (Lair:1)
  5 guardian serpents (Snake:4)
  7 slime creatures
  4 naga magi
  8 black mambas
  5 cane toads
  Jeremiah (Lair:1)
  2 kobold demonologists (D:12)
  2 komodo dragons
  7 rime drakes
  5 trolls
  5 polar bears
  2 raiju (Lair:5)
  4 dream sheep
  2 blink frogs
  3 wraiths (Lair:4)
  8 wyverns
  4 hogs (Lair:4)
  6 basilisks
  19 yaks
  5 wargs
  4 vampire mosquitoes
  A steam dragon (D:8)
  An acid dragon (D:9)
  16 nagas
  7 hell hounds (Lair:5)
  7 water moccasins
  3 ice beasts (D:9)
  4 black bears (Lair:5)
  5 orc warriors
  16 ogres
  17 wolves
  5 centaurs
  2 bullfrogs
  A gnoll sergeant (D:11)
  A scorpion (Lair:2)
  8 killer bees
  5 orc wizards
  2 electric eels
  3 howler monkeys (D:9)
  3 orc priests
  3 hell rats (Lair:4)
  2 gnolls (D:11)
  12 orcs
  6 kobolds
  2 butterflies
326 creatures vanquished.

Vanquished Creatures (others)
  5 orc knights
  4 orc warriors
  A hog (Lair:4)
  5 orc wizards
  7 orc priests
  33 orcs
  A jackal (D:3)
56 creatures vanquished.

Grand Total: 871 creatures vanquished

Notes
Turn   | Place    | Note
-------+----------+-------------------------------------------
     0 | D:1      | booth the Hill Orc Monk began the quest for the Orb.
     0 | D:1      | Reached XP level 1. HP: 19/19 MP: 1/1
   116 | D:1      | Reached XP level 2. HP: 27/27 MP: 2/2
   361 | D:1      | Found Zagoik's Assorted Antiques.
   577 | D:1      | Reached XP level 3. HP: 33/33 MP: 3/3
   827 | D:2      | Reached skill level 1 in Invocations
   943 | D:2      | Found Zounurgh's Antique Armour Shoppe.
  1316 | D:3      | Became a worshipper of Beogh the Brigand
  1316 | D:3      | Reached * piety under Beogh
  1316 | D:3      | Reached ** piety under Beogh
  1425 | D:3      | Reached skill level 5 in Axes
  1564 | D:3      | Reached XP level 4. HP: 40/40 MP: 5/5
  2023 | D:2      | Bought a fading leather armour for 175 gold pieces
  2023 | D:2      | Identified the +1 leather armour of the Weak God {Str+2}
                  | (You bought it in a shop on level 2 of the Dungeon)
  2084 | D:4      | Noticed seawaffle's ghost (weakling MiBe)
  2085 | D:4      | Found a runed translucent door.
  2093 | D:4      | Identified the +0 robe "Vantetue" {rElec MP+9}
  2444 | D:4      | Noticed a scorpion
  2462 | D:4      | Killed a scorpion
  2463 | D:4      | Reached XP level 5. HP: 35/47 MP: 2/6
  2879 | D:4      | Reached skill level 6 in Axes
  2992 | D:4      | Noticed a kobold brigand
  3064 | D:4      | Killed a kobold brigand
  3065 | D:4      | Reached XP level 6. HP: 27/55 MP: 4/8
  3390 | D:4      | Reached skill level 5 in Fighting
  3498 | D:4      | Identified the +10 hand axe of the Big Bang {venom, *Rage
                  | rPois rC+ rN++}
  3599 | D:5      | Entered Level 5 of the Dungeon
  3679 | D:5      | Found a runed translucent door.
  3680 | D:5      | Noticed Crazy Yiuf
  3694 | D:5      | Noticed a sky beast
  3702 | D:5      | Killed a sky beast
  3703 | D:5      | Reached skill level 7 in Axes
  3703 | D:5      | Reached XP level 7. HP: 61/61 MP: 9/9
  3732 | D:5      | Found a stormy altar of Qazlal.
  3752 | D:5      | Reached *** piety under Beogh
  3861 | D:5      | Noticed Blork the orc
  3870 | D:5      | Killed Blork the orc
  3885 | D:5      | Reached skill level 8 in Axes
  4015 | D:5      | Found a white marble altar of Elyvilon.
  4026 | D:5      | Reached XP level 8. HP: 70/70 MP: 11/11
  4038 | D:5      | Reached skill level 5 in Invocations
  4339 | D:5      | Killed Crazy Yiuf
  4492 | D:6      | Found a staircase to the Ecumenical Temple.
  4502 | Temple   | Entered the Ecumenical Temple
  4553 | D:6      | Found Boylumm's Weapon Boutique.
  4582 | D:6      | Reached skill level 9 in Axes
  4680 | D:6      | Reached skill level 1 in Armour
  4844 | D:6      | Found a hazy altar of Hepliaklqana.
  4848 | D:6      | Noticed Eustachio
  4856 | D:6      | Killed Eustachio
  5292 | D:7      | Reached skill level 10 in Axes
  5297 | D:7      | Reached XP level 9. HP: 17/79 MP: 13/13
  5491 | D:7      | Found a basalt altar of Yredelemnul.
  6031 | D:7      | Found an ornate altar of the Wu Jian Council.
  6216 | D:8      | Reached skill level 11 in Axes
  6246 | D:8      | Reached **** piety under Beogh
  6720 | D:8      | Found Tuont's Assorted Antiques.
  6726 | D:8      | Bought a potion of heal wounds for 120 gold pieces
  6726 | D:8      | Bought a pair of gloves for 108 gold pieces
  6822 | D:8      | Reached XP level 10. HP: 87/88 MP: 15/15
  6828 | D:8      | Reached skill level 12 in Axes
  6838 | D:8      | Reached skill level 5 in Armour
  7601 | D:9      | Reached skill level 13 in Axes
  7607 | D:9      | Found a staircase to the Lair.
  7681 | D:9      | Reached ***** piety under Beogh
  7736 | D:9      | Gained Bogmar as an ally
  7822 | D:9      | Got the Incunable of the Manifold Spines
  8030 | D:9      | Gained Agrik as an ally
  8115 | D:10     | Entered Level 10 of the Dungeon
  8383 | D:10     | Noticed an unseen horror
  8391 | D:10     | Killed an unseen horror
  8392 | D:10     | Reached XP level 11. HP: 97/97 MP: 18/18
  8416 | D:10     | Noticed Lodul
  8416 | D:10     | Paralysed by Lodul for 2 turns
  8425 | D:10     | Reached skill level 14 in Axes
  8431 | D:10     | Killed Lodul
  8567 | D:10     | Identified the +5 war axe of Kuniz {flame, MP+9}
  8679 | D:10     | Reached skill level 10 in Fighting
  8737 | D:10     | Reached skill level 10 in Invocations
  9079 | D:10     | Noticed Grum
  9086 | D:10     | Killed Grum
  9179 | Lair:1   | Entered Level 1 of the Lair of Beasts
  9257 | Lair:1   | Noticed Gastronok
  9272 | Lair:1   | Killed Gastronok
  9273 | Lair:1   | Reached skill level 15 in Axes
  9273 | Lair:1   | Reached skill level 1 in Stealth
  9289 | Lair:1   | Gained Learuk as an ally
  9627 | Lair:1   | Noticed Erica
  9633 | Lair:1   | Killed Erica
  9804 | Lair:1   | Reached XP level 12. HP: 89/110 MP: 20/20
  9877 | Lair:1   | Noticed Jeremiah
  9887 | Lair:1   | Killed Jeremiah
 10509 | Lair:2   | Found a staircase to the Snake Pit.
 10840 | Lair:2   | Noticed a boulder beetle
 10853 | Lair:2   | Killed a boulder beetle
 10934 | Lair:2   | Reached skill level 16 in Axes
 11105 | Lair:2   | Found a staircase to the Swamp.
 11421 | Lair:3   | Gained Hawl as an ally
 11507 | Lair:3   | Reached skill level 5 in Stealth
 11872 | Lair:3   | Noticed a seven-headed hydra
 11879 | Lair:3   | Killed a seven-headed hydra
 12441 | Lair:4   | Noticed Rupert
 12451 | Lair:4   | Killed Rupert
 12578 | Lair:4   | Reached XP level 13. HP: 119/119 MP: 22/22
 12645 | Lair:4   | Noticed Kirke
 12647 | Lair:4   | Noticed Josephine
 12652 | Lair:4   | Killed Josephine
 12653 | Lair:4   | Your ally Bogmar died
 12656 | Lair:4   | Reached ****** piety under Beogh
 12723 | Lair:4   | Noticed Nessos
 12757 | Lair:4   | Killed Nessos
 12758 | Lair:4   | Reached skill level 17 in Axes
 12777 | Lair:4   | Your ally Hawl died
 12781 | Lair:4   | Killed Kirke
 13209 | Lair:4   | Your ally Learuk died
 13552 | Lair:4   | Found a viscous altar of Jiyva.
 13553 | Lair:4   | Found a staircase to the Slime Pits.
 13558 | Lair:4   | Identified a scroll of acquirement
 13559 | Lair:4   | Acquired a +1 heavy executioner's axe
 13883 | D:8      | Bought a scroll of enchant armour for 180 gold pieces
 13883 | D:8      | Bought a glass ring for 120 gold pieces
 14627 | Lair:5   | Entered Level 5 of the Lair of Beasts
 14971 | Lair:5   | Reached XP level 14. HP: 130/130 MP: 24/24
 15078 | Lair:5   | Reached skill level 5 in Dodging
 15150 | Lair:5   | Reached skill level 18 in Axes
 15353 | Lair:5   | Found the +8 whip "Snakebite" {venom, curare, rPois}
 16927 | D:11     | Reached skill level 15 in Invocations
 17763 | D:12     | Identified the +4 great sword of the Unliving {heavy, MP+9
                  | Dex+2}
 17961 | D:12     | Found a runed translucent door.
 17961 | D:12     | Found the +8 Wrath of Trog {antimagic, *Rage Rampage}
 17961 | D:12     | Noticed spaghetti's ghost (journeyman NaBe)
 18230 | D:12     | Found a staircase to the Orcish Mines.
 18933 | D:13     | Found a gate leading to a gauntlet.
 19204 | D:13     | Found Tematrea's Book Shoppe.
 19625 | D:14     | Found a broken altar of Ashenzari.
 19758 | D:14     | Gained Beowulf as an ally
 19866 | D:14     | Found a gate to the Vaults.
 19874 | D:14     | Reached XP level 15. HP: 139/139 MP: 26/26
 19945 | D:14     | Reached skill level 15 in Fighting
 20016 | D:14     | Identified the +6 arbalest of Charity {elec, ^Contam
                  | Will+++ Int+3}
 20307 | D:15     | Entered Level 15 of the Dungeon
 20314 | D:15     | Identified the +0 plate armour of the Game of Life {Fly
                  | Int-4 Dex+8 Slay-5}
 20352 | D:15     | Found Luplozamn's Book Shop.
 20366 | D:15     | Reached skill level 19 in Axes
 20881 | D:15     | Found an iron altar of Okawaru.
 21100 | D:15     | Found a staircase to the Depths.
 21414 | Orc:1    | Entered Level 1 of the Orcish Mines
 21502 | Orc:2    | Entered Level 2 of the Orcish Mines
 21502 | Orc:2    | Found a staircase to the Elven Halls.
 22076 | Orc:2    | Gained Dorog as an ally
 22111 | Orc:2    | Paralysed by an ogre mage for 2 turns
 22137 | Orc:2    | Found Paleviat's Distillery.
 22137 | Orc:2    | Found Waacafia's Weapon Emporium.
 22138 | Orc:2    | Found Baal's Antique Weapon Shoppe.
 22138 | Orc:2    | Found Emued's Distillery.
 22355 | Orc:2    | Bought a potion of curing for 30 gold pieces
 22355 | Orc:2    | Bought a potion of curing for 30 gold pieces
 22355 | Orc:2    | Bought a potion of heal wounds for 50 gold pieces
 22357 | Orc:2    | Bought a potion of curing for 39 gold pieces
 22357 | Orc:2    | Bought a potion of curing for 39 gold pieces
 22358 | Orc:2    | Bought a scorched morningstar for 198 gold pieces
 22358 | Orc:2    | Identified the +5 morningstar of Bodily Humours {flame,
                  | Will+} (You bought it in a shop on level 2 of the Orcish
                  | Mines)
 23040 | Snake:1  | Entered Level 1 of the Snake Pit
 23243 | Snake:1  | Identified the +1 robe of Trial and Error {rF- Will+++
                  | rCorr Dex-4}
 24000 | Snake:1  | Noticed a nagaraja
 24011 | Snake:1  | Killed a nagaraja
 25079 | Snake:2  | Reached XP level 16. HP: 100/151 MP: 28/28
 25166 | Snake:2  | Noticed Saint Roka
 25187 | Snake:2  | Killed Saint Roka
 25188 | Snake:2  | Reached skill level 10 in Stealth
 25636 | Snake:2  | Gained Oruk as an ally
 26005 | Snake:3  | Reached skill level 1 in Evocations
 26386 | Snake:3  | Your ally Oruk died
 26975 | Snake:3  | Noticed a nagaraja
 26980 | Snake:3  | Killed a nagaraja
 26981 | Snake:3  | Reached skill level 20 in Axes
 27560 | Snake:3  | Identified the orb of Torukeemo {light, rC+}
 27776 | Snake:4  | Entered Level 4 of the Snake Pit
 27840 | Snake:4  | Noticed a nagaraja
 27840 | Snake:4  | Your ally Beowulf died
 27840 | Snake:4  | Gained Murdo as an ally
 27843 | Snake:4  | Your ally Murdo died
 27856 | Snake:4  | Killed a nagaraja
 27858 | Snake:4  | Your ally Dorog died
 27858 | Snake:4  | Killed a nagaraja
 28194 | Snake:4  | Noticed a nagaraja
 28203 | Snake:4  | Killed a nagaraja
 28209 | Snake:4  | Noticed a nagaraja
 28209 | Snake:4  | Noticed a nagaraja
 28213 | Snake:4  | Slain by a nagaraja

Illustrated notes

Levels and vault maps discovered:
D:1:      minmay_arrival_checkered_box, layout_basic, serial_shops,
          nicolae_shop_tiny_glass
D:2:      layout_rooms, serial_shops, shop_fountains
D:3:      layout_loops_ring
D:4:      minmay_wonky_spiral, layout_loops_ring,
          hellmonk_ghost_happy_afterlife, serial_co_window_serial,
          co_window_of_opportunity_a, co_window_paths_a,
          co_window_of_opportunity_a, co_window_paths_b, co_window_paths_a,
          co_window_paths_b, co_window_paths_a, co_window_of_opportunity_b,
          co_window_2corner, co_window_broadway_a, glass_columns_b,
          glass_columns_a, glass_columns_a, glass_columns_a, glass_columns_a,
          corexii_shack, lexackson_kobold_supper
D:5:      layout_gridville, elyvilon_altar_5, nicolae_qazlal_beasts_of_the_sky,
          roderic_filled_cross, dreamdust_princess_corridor, uniq_blork_the_orc,
          uniq_crazy_yiuf_cottage
D:6:      layout_loops_cross, old_standard_altar, lemuel_temple_firewalk_b,
          serial_shops, shop_fountains, uniq_eustachio
D:7:      layout_rooms, kennysheep_mini_moat,
          mainiacjoe_overflow_small_starburst, nrook_loot_triangle
D:8:      kennysheep_steamy, layout_basic, serial_shops, shop
D:9:      layout_big_octagon, hellmonk_lair_entry_icy
D:10:     layout_cave_pods, amcnicky_mini_corridor_feature, uniq_lodul,
          uniq_grum
D:11:     layout_rooms
D:12:     layout_roguey, hiddenorc1_lemuel, gammafunk_ghost_grave
D:13:     layout_loops_ring, gauntlet_entry_generic, nicolae_wooded_promenade
D:14:     layout_long_grid, erik_vaults_1, nicolae_ashenzari_skybound,
          serial_bayou_crossing
D:15:     hangedman_depths_entry_civil_slaughter, layout_rooms, serial_shops,
          nicolae_book_shop_shelving, nrook_mini_vaults,
          okawaru_metal_pillars_1_2
Temple:   minmay_crystal_spiral_temple
Lair:1:   layout_regular_city, serial_bayou_shore_a, uniq_gastronok, uniq_erica,
          uniq_jeremiah
Lair:2:   layout_long_grid, minmay_swamp_entry_swarm, dummy_snake_entry,
          st_stairs_12
Lair:3:   layout_long_grid, grunt_forest_large_clearings, lemuel_fruit_fields
Lair:4:   layout_cave_pods, slime_entry_1, special_room
          [special_room_mythical_zoo], uniq_nessos, uniq_rupert, uniq_josephine,
          uniq_kirke
Lair:5:   hangedman_lair_caniforms_friends, layout_misc_corridors, st_stairs_11,
          lemuel_fruit_fields
Snake:1:  layout_gridlike, nicolae_snake_bzzzt, grunt_megastairs_4
Snake:2:  layout_honeycomb, uniq_saint_roka
Snake:3:  nicolae_snake_attic_fulla_snakes, layout_gridlike
Snake:4:  grunt_snake_rune_serpentine_throne, layout_layer_cave, serial_shops,
          nicolae_shop_bloodbath_and_beyond, nicolae_shop_back_alley_shop,
          nicolae_shop_tiny_real_fake_doors, lemuel_fruit_tree
Orc:1:    layout_diamond_mine, minmay_orc_keep
Orc:2:    st_orc_ogre_mass, layout_caves, nicolae_orc_lava_room

Skill      XL: |  1  2  3  4  5  6  7  8  9 10 11 12 13 14 15 16 |
---------------+-------------------------------------------------+-----
Fighting       | 4 5 7 8 9 11 12 13 14 16 | 16.6
Invocations    | 1 2 3 4 6 7 9 11 12 14 15 16 17 | 17.4
Axes           | 5 6 7 8 10 11 13 15 16 17 18 19 20 | 20.2
Dodging        | 3 4 6 7 |  7.9
Armour         | 2 4 6 7 8 |  8.2
Stealth        | 3 5 7 8 9 10 | 10.0
Evocations     | 3 |  3.4

Action                     |  1- 3 |  4- 6 |  7- 9 | 10-12 | 13-15 | 16-18 || total
---------------------------+-------+-------+-------+-------+-------+-------++-------
  Melee: Hand axe          |   106 |   208 |   179 |   348 |   704 |   157 ||  1702
         Punch             |       |     5 |     3 |     3 |     7 |     1 ||    19
         Mace              |       |       |       |       |     5 |       ||     5
         Unarmed           |       |       |       |       |     1 |       ||     1
         Flail             |       |       |       |       |     7 |       ||     7
         Great mace        |       |       |       |       |     1 |       ||     1
  Throw: Dart              |       |     3 |       |       |       |       ||     3
         Boomerang         |       |       |     7 |     3 |     9 |       ||    19
         Javelin           |       |       |       |     2 |       |       ||     2
 Invoke: Convert to Beogh  |     1 |       |       |       |       |       ||     1
         Smiting           |       |     2 |       |     3 |       |       ||     5
         Give Item to Name |       |       |       |     2 |     2 |       ||     4
         Recall Orcish Fol |       |       |       |     1 |    10 |     1 ||    12
         Stop Recall       |       |       |       |       |     2 |     1 ||     3
  Evoke: Wand              |       |       |       |       |       |     1 ||     1
    Use: Scroll            |     5 |     3 |    10 |     2 |    17 |     2 ||    39
         Potion            |       |     3 |     1 |       |     4 |     5 ||    13
   Stab: Sleeping          |       |     1 |       |     1 |     1 |       ||     3
         Distracted        |       |       |       |     6 |     7 |     5 ||    18
         Confused          |       |       |       |       |     4 |       ||     4
 Armour: Ring mail         |    39 |     5 |       |       |       |       ||    44
         Leather armour    |       |    58 |   105 |    24 |       |       ||   187
         Steam dragon scal |       |       |       |   164 |   383 |       ||   547
         Chain mail        |       |       |       |       |   219 |   149 ||   368
  Dodge: Dodged            |    56 |    50 |    99 |   164 |   397 |    57 ||   823
  Block: Other             |       |    23 |    31 |    56 |   121 |    24 ||   255
         Reflection        |       |       |     4 |     1 |     2 |     4 ||    11
